AoeStats
← Rene

Arabia

509871173Analyzed
1v1 RM · 3d ago on Sep 28, 2026· 18m 38s· 2 players
Game mode
Random Map
Map size
Tiny (2 player)
Population
200
Speed
Normal
Resources
Standard
Victory
Conquest
Starting age
Dark Age
Ending age
Imperial Age
RankedLock teamsTeams togetherTeam positionsShared explorationLock speedFull tech treeHidden civsTurbo modeCheats
Victory
Defeat
🇳🇱 Ethiopians · Netherlands
1215
+15
🇳🇱 Japanese · Netherlands
1191
-15
You are momma
7:40 Loom
10:28 Feudal Age
10:58 Man-at-Arms
11:20 Horse Collar
12:12 Double-Bit Axe
13:24 Arson
Rene
6:42 Loom
8:50 Feudal Age
11:48 Fletching
19:17 Padded Archer Armor
Connection lost

Rejoining the realm…

Still unreachable

The connection could not be restored.

Session expired

The server has moved on; the page needs a fresh start.